 Dungeon Crawl Stone Soup version 0.29.1-2-gbd0b4ee654 (webtiles) character file.

Game seed: 17985608412422108851

93171 sanboga the Brawler (level 15, -49/190 HPs)
             Began as a Demonspawn Berserker on Nov 29, 2022.
             Was a High Priest of Trog.
             Annihilated by an ettin
             ... wielding a +0 dire flail
              (62 damage)
             ... on level 1 of the Orcish Mines on Nov 30, 2022.
             The game lasted 00:37:41 (29014 turns).

sanboga the Brawler (Demonspawn Berserker)         Turns: 29014, Time: 00:37:42

Health: -49/190    AC: 20    Str: 24    XL:     15   Next: 59%
Magic:  15/15      EV:  8    Int: 15    God:    Trog [*****.]
Gold:   1235       SH: 10    Dex: 13    Spells: 14/14 levels left

rFire   . . .      SeeInvis .     - Unarmed
rCold   + + .      Faith    .   (no shield)
rNeg    . . .      Spirit   .   y - +0 plate armour
rPois   +          Reflect  .   m - +1 hat of the Nexus {rPois rF+ Will+}
rElec   +          Harm     .   l - +0 cloak
rCorr   .          Rampage  .   (gloves unavailable)
Will    ++...                   G - +0 pair of boots
Stlth   ..........              (no amulet)
HPRegen 0.41/turn               u - ring of ice
MPRegen 0.14/turn               k - ring "Ruulemi" {rElec rPois rC+ Int+6}

@: berserking, studying Maces & Flails, silenced, very quick
A: large bone plates 2, spiny 3, condensation shield, demonic touch 3
a: Renounce Religion


You were on level 1 of the Orcish Mines.
You worshipped Trog.
Trog was extremely pleased with you.
You visited 3 branches of the dungeon, and saw 21 of its levels.
You also visited: Bailey.

You collected 1986 gold pieces.
You spent 751 gold pieces at shops.

Inventory:

Hand Weapons
 C - a +1 scimitar of flaming
Armour
 l - a +0 cloak (worn)
 m - the +1 hat of the Nexus (worn) {rPois rF+ Will+}
   (You acquired it on level 7 of the Dungeon)

   rF:        It protects you from fire.
   rPois:     It protects you from poison.
   Will:      It increases your willpower.
 y - a +0 plate armour (worn)
 G - a +0 pair of boots (worn)
Jewellery
 k - the ring "Ruulemi" (right hand) {rElec rPois rC+ Int+6}
   (You acquired it on level 3 of the Dungeon)

   [ring of intelligence]

   Int:       It affects your intelligence (+6).
   rC:        It protects you from cold.
   rElec:     It insulates you from electricity.
   rPois:     It protects you from poison.
 u - a ring of ice (left hand)
 v - a ring of positive energy
 w - a ring of fire
Wands
 b - a wand of flame (28)
 p - a wand of mindburst (10)
 q - a wand of roots (6)
 E - a wand of quicksilver (4)
Scrolls
 c - 4 scrolls of fear
 d - a scroll of silence
 e - 2 scrolls of enchant weapon
 f - 5 scrolls of blinking
 s - 11 scrolls of teleportation
 t - 3 scrolls of enchant armour
 z - a scroll of fog
 A - 5 scrolls of magic mapping
 B - 6 scrolls of identify
 D - a scroll of summoning
 F - 2 scrolls of poison
Potions
 a - a potion of resistance
 g - 4 potions of flight
 h - 3 potions of might
 i - 8 potions of cancellation
 j - 5 potions of haste
 n - 9 potions of curing
 o - 5 potions of mutation
 r - 9 potions of heal wounds
 x - 3 potions of ambrosia


   Skills:
 + Level 14.6 Fighting
 + Level 13.3 Armour
 - Level 1.7 Dodging
 * Level 18.4 Unarmed Combat


You had 14 spell levels left.
You didn't know any spells.
Your spell library was empty.

Dungeon Overview and Level Annotations

Branches:
Dungeon (15/15)            Temple (0/1) D:6            Lair (5/5) D:8
  Swamp (0/4) Lair:2       Spider (0/4) Lair:3        Slime (0/5) Lair:5
    Orc (1/2) D:10         Vaults (0/5) D:14         Depths (0/4) D:15
 Bailey (visited)

Altars:
Nemelex Xobeh
Okawaru
Sif Muna
Trog
Uskayaw
Wu Jian
Jiyva

Shops:
D:3 !   D:7 ?   D:10 [*:

Annotations:
D:13 2 transporters, JJisdabomb's ghost, journeyman VSFi
Orc:1 1 transporter, 1 runed translucent door


Innate Abilities, Weirdness & Mutations

You are mostly covered in large bone plates. (SH +6)
You are completely covered in sharp spines.
A meltable shield of frost defends you. (SH +4)
Your touch may irresistibly damage your foes and sap their willpower.


Message History

The troll barely misses you. The troll claws you but does no damage.
You pummel the troll!!
You kill the troll!
Trog accepts your kill.
Your life force feels restored.
You pummel the troll!! Your touch misses the troll.
The troll is severely wounded.
You block the troll's attack. The troll barely misses you.
The troll claws you but does no damage.
You punch the troll!
You kill the troll!
Trog accepts your kill.
The deep elf pyromancer gestures.
The moth of wrath goads the ettin on!
The ettin goes berserk!
You punch the ettin! Your punch misses the ettin.
The ettin is lightly wounded.
The ettin hits you with a +0 dire flail!!! x2
You are too injured to fight recklessly!
You are too injured to fight recklessly!
You are too injured to fight recklessly!
Magic scrolls do not work when you're silenced!
You feel much better. The ettin is struck by your spines.
The ettin hits you but does no damage. The ettin completely misses you.
You block the ettin's attack. x2
A red film seems to cover your vision as you go berserk!
You feel yourself moving faster!
You feel mighty! The ettin is struck by your spines.
The ettin hits you but does no damage.
The ettin hits you with a +0 dire flail!!!
You completely miss the ettin.
The ettin is moderately wounded.
The ettin is struck by your spines.
The ettin hits you with a +0 dire flail!
* * * LOW HITPOINT WARNING * * *
The ettin hits you with a +0 dire flail!!
* * * LOW HITPOINT WARNING * * *
You barely miss the ettin.
You touch the ettin!
You sap its willpower!
The ettin is heavily wounded.
The ettin is struck by your spines. The ettin barely misses you.
The ettin hits you with a +0 dire flail!!!
You die...

########.......########..####.#.
#.......# #.## #### #.......#
### # ###.©.### .## #y#####y#
... ########## ... ..+.©.'..##
>.# ..+.÷.'...## ..
...#...#.@..# .. #######C.#§#
... ##W##y#..### #.. #+####..#e
#. $[_)$$...#y# ##.
.$$:$$....#e# #.. ⌠..$$$..⌠..#e#
## #.. ............#e #.##..
#....#


You could see a deep elf annihilator, an ettin (berserk, weak-willed), a deep
elf elementalist (repels missiles), a deep elf demonologist, 3 moths of wrath
and a deep elf pyromancer.

Vanquished Creatures
  Agnes (D:14)
  Gastronok (D:12)
  Kirke (Lair:4)
  Azrael (D:14)
  3 dire elephants (Lair:5)
  Snorg (D:10)
  Erolcha (D:12)
  Fannar (D:12)
  2 boulder beetles
  An ogre mage (D:15)
  An ice dragon (Lair:4)
  2 hydras
  2 centaur warriors
  5 two-headed ogres
  5 dancing weapons
  3 tengu warriors
  16 death yaks
  Sonja (D:12)
  5 slime creatures
  A spectral death yak (Lair:5)
  Amaemon (Lair:1)
  A spectral anaconda (Lair:5)
  An orb spider (Lair:3)
  An obsidian statue (Lair:5)
  Pikel (D:5)
  4 necromancers
  A wolf spider zombie (D:15)
  A bog body (Lair:2)
  2 wizards (D:15)
  5 deep elf pyromancers
  4 orc sorcerers
  3 deep elf zephyrmancers
  4 orc knights
  11 ugly things
  2 manticores
  A wolf spider (D:15)
  2 cyclopes
  4 elephants (Lair:5)
  An ice statue (Lair:4)
  2 black mambas (Lair:5)
  2 centaur skeletons (D:15)
  3 gargoyles
  An orange demon (Lair:1)
  A dire elephant zombie (Lair:5)
  A cane toad (shapeshifter) (D:14)
  17 cane toads
  A kobold demonologist (Bailey)
  A torpor snail (Lair:5)
  2 rime drakes
  A dire elephant skeleton (Lair:5)
  6 komodo dragons
  4 yaktaurs (D:15)
  An efreet (D:15)
  A tengu conjurer (D:14)
  2 ice devils (Lair:4)
  7 trolls
  A wolf spider simulacrum (D:14)
  2 polar bears (Lair:4)
  Prince Ribbit (D:8)
  A polar bear (shapeshifter) (D:15)
  A hornet (D:10)
  15 blink frogs
  4 dream sheep (Lair:5)
  Sigmund (D:2)
  2 water elementals (D:14)
  A ynoxinul (D:9)
  3 wyverns
  A shadow (D:11)
  53 yaks
  A wraith (D:13)
  A death yak simulacrum (Lair:5)
  2 vampires
  Eustachio (D:4)
  2 hogs (Lair:4)
  2 fire elementals (D:14)
  6 basilisks
  2 steam dragons
  2 vampire mosquitoes (D:11)
  A harpy simulacrum (Lair:4)
  A spectral cane toad (Lair:5)
  Edmund (D:4)
  3 wargs
  An acid dragon (D:13)
  14 water moccasins
  4 hell hounds (D:14)
  4 black bears
  25 orc warriors
  2 ice beasts (D:6)
  5 wolves
  An elephant zombie (Lair:5)
  4 boggarts (D:15)
  5 ogres
  3 centaurs
  3 elephant skeletons (Lair:5)
  A phantom (D:7)
  A lemure (D:5)
  6 bullfrogs
  2 kobold brigands
  4 necrophages
  2 gnoll sergeants
  A two-headed ogre simulacrum (Lair:4)
  A scorpion (D:4)
  2 cane toad simulacra
  5 wights (D:5)
  An elephant simulacrum (Lair:5)
  6 killer bees
  A howler monkey (D:12)
  11 electric eels
  5 hounds
  A jelly (D:5)
  A gnoll bouda (D:8)
  8 orc priests
  6 iguanas
  16 orc wizards
  7 hell rats (Lair:5)
  3 spriggan simulacra (Lair:4)
  A wolf simulacrum (Lair:4)
  Robin (D:2)
  16 gnolls
  5 adders
  2 shadow imps
  3 white imps
  A dart slug (D:4)
  71 orcs
  4 endoplasms
  A giant cockroach (D:3)
  20 goblins
  13 hobgoblins
  2 jackals (D:1)
  2 quokkas (D:2)
  8 ball pythons
  6 bats
  3 frilled lizards
  13 kobolds
  4 rats
606 creatures vanquished.

Vanquished Creatures (others)
  A human (Lair:4)
  A boggart (D:15)
  2 orc wizards
  21 fungi
  26 plants
  3 toadstools (D:2)
  11 withered plants (Lair:5)
65 creatures vanquished.

Grand Total: 671 creatures vanquished

Notes
Turn   | Place    | Note
-------+----------+-------------------------------------------
     0 | D:1      | sanboga the Demonspawn Berserker began the quest for the
                  | Orb.
     0 | D:1      | Reached XP level 1. HP: 18/18 MP: 1/1
   439 | D:1      | Reached skill level 3 in Unarmed Combat
   535 | D:1      | Gained mutation: You are partially covered in sharp spines.
                  | [demonic ancestry]
   535 | D:1      | Reached XP level 2. HP: 24/24 MP: 2/2
  1095 | D:2      | Noticed Robin
  1110 | D:2      | Reached XP level 3. HP: 3/29 MP: 3/3
  1110 | D:2      | Killed Robin
  1112 | D:2      | Reached ** piety under Trog
  1435 | D:2      | Noticed Sigmund
  1448 | D:2      | Killed Sigmund
  1449 | D:2      | Reached skill level 4 in Unarmed Combat
  1449 | D:2      | Gained mutation: You are partially covered in large bone
                  | plates. (SH +4) [demonic ancestry]
  1449 | D:2      | Reached XP level 4. HP: 37/37 MP: 4/4
  1449 | D:2      | Gained mutation: Your touch may inflict minor irresistible
                  | damage on your foes. [demonic ancestry]
  1449 | D:2      | Reached XP level 5. HP: 42/42 MP: 5/5
  2020 | D:2      | Found a faded altar of an unknown god.
  2618 | D:3      | Found Pan Fati's Distillery.
  2635 | D:3      | Bought a potion of heal wounds for 70 gold pieces
  2635 | D:3      | Bought a potion of mutation for 112 gold pieces
  3079 | D:3      | Identified a scroll of acquirement
  3079 | D:3      | Acquired the ring "Ruulemi" {rElec rPois rC+ Int+6}
  3128 | D:4      | Gained mutation: A meltable shield of frost defends you.
                  | (SH +4) [demonic ancestry]
  3128 | D:4      | Reached XP level 6. HP: 45/48 MP: 6/6
  3169 | D:4      | Reached skill level 5 in Unarmed Combat
  3277 | D:4      | Noticed Edmund
  3296 | D:4      | Killed Edmund
  3620 | D:4      | Reached XP level 7. HP: 48/55 MP: 7/7
  3707 | D:4      | Noticed Eustachio
  3732 | D:4      | Killed Eustachio
  3733 | D:4      | Reached skill level 5 in Fighting
  3740 | D:4      | Reached skill level 6 in Unarmed Combat
  4257 | D:5      | Entered Level 5 of the Dungeon
  4288 | D:5      | Reached XP level 8. HP: 52/63 MP: 8/8
  4476 | D:5      | Noticed Pikel
  4494 | D:5      | Killed Pikel
  4495 | D:5      | Reached skill level 5 in Armour
  4495 | D:5      | Reached skill level 7 in Unarmed Combat
  4714 | D:5      | Reached skill level 8 in Unarmed Combat
  4973 | D:5      | Found a sparkling altar of Nemelex Xobeh.
  5004 | D:5      | Gained mutation: You are mostly covered in large bone
                  | plates. (SH +6) [demonic ancestry]
  5004 | D:5      | Reached XP level 9. HP: 71/71 MP: 9/9
  5557 | D:6      | Reached *** piety under Trog
  5750 | D:6      | Found a staircase to the Ecumenical Temple.
  5917 | D:6      | Reached skill level 9 in Unarmed Combat
  6249 | D:7      | Found Kawug's Magic Scroll Emporium.
  6286 | D:7      | Found a flagged portal.
  6300 | Bailey   | Entered a bailey
  6884 | Bailey   | Reached XP level 10. HP: 52/80 MP: 10/10
  7415 | Bailey   | Reached skill level 10 in Unarmed Combat
  7502 | Bailey   | Found an iron altar of Okawaru.
  7502 | Bailey   | Noticed an orc sorcerer
  7503 | Bailey   | Noticed a rust devil
  7506 | Bailey   | Reached **** piety under Trog
  7512 | Bailey   | Killed an orc sorcerer
  7604 | Bailey   | Identified the +1 helmet of Defiance {Drain rElec rF- SInv}
  7628 | D:7      | Acquired the +1 hat of the Nexus {rPois rF+ Will+}
  8071 | D:7      | Bought a scroll of enchant armour for 105 gold pieces
  8071 | D:7      | Bought a scroll of blinking for 105 gold pieces
  8071 | D:7      | Bought a scroll of blinking for 105 gold pieces
  8071 | D:7      | Bought a scroll of identify for 28 gold pieces
  8534 | D:8      | Noticed Prince Ribbit
  8549 | D:8      | Killed Prince Ribbit
  8550 | D:8      | Reached skill level 11 in Unarmed Combat
  8648 | D:8      | Identified the +1 leather armour "Piogrank" {SInv Stlth+}
  9015 | D:8      | Reached ***** piety under Trog
  9296 | D:8      | Found a staircase to the Lair.
  9696 | D:9      | Reached XP level 11. HP: 89/89 MP: 11/11
 10127 | D:9      | Found a bloodstained altar of Trog.
 10149 | D:9      | Found a shimmering blue altar of Sif Muna.
 10788 | D:10     | Entered Level 10 of the Dungeon
 10801 | D:10     | Found Huoteja's Book Shop.
 11239 | D:10     | Found a staircase to the Orcish Mines.
 11268 | D:10     | Noticed Snorg
 11281 | D:10     | Killed Snorg
 11281 | D:10     | Identified the +1 glaive of the Demagogue {flame, Will+
                  | rCorr Dex+5 SInv Stlth-} (Trog gifted it to you on level 10
                  | of the Dungeon)
 11281 | D:10     | Received a gift from Trog
 11282 | D:10     | Reached skill level 12 in Unarmed Combat
 11576 | D:10     | Found Gyon Duu's Armour Shoppe.
 11576 | D:10     | Found Ethraygif's General Store.
 11587 | D:10     | Bought a +1 pair of gloves for 138 gold pieces
 11595 | D:10     | Bought a potion of magic for 88 gold pieces
 11963 | Orc:1    | Entered Level 1 of the Orcish Mines
 12034 | D:11     | Noticed a boulder beetle
 12053 | D:11     | Killed a boulder beetle
 12327 | D:11     | Noticed a two-headed ogre
 12335 | D:11     | Killed a two-headed ogre
 12426 | D:11     | Reached skill level 10 in Fighting
 13297 | D:12     | Noticed a two-headed ogre
 13301 | D:12     | Killed a two-headed ogre
 13357 | D:12     | Found an ornate altar of the Wu Jian Council.
 13359 | D:12     | Noticed Gastronok
 13360 | D:12     | Noticed Fannar
 13550 | D:12     | Killed Fannar
 13551 | D:12     | Reached skill level 13 in Unarmed Combat
 13726 | D:12     | Killed Gastronok
 13727 | D:12     | Gained mutation: Your touch may inflict irresistible damage
                  | on your foes. [demonic ancestry]
 13727 | D:12     | Reached XP level 12. HP: 98/98 MP: 12/12
 13802 | D:12     | Noticed a seven-headed hydra
 13814 | D:12     | Killed a seven-headed hydra
 13948 | D:12     | Noticed a boulder beetle
 13976 | D:12     | Killed a boulder beetle
 14168 | D:12     | Identified the +1 chain mail "Aduede" {SInv}
 14219 | D:12     | Noticed Sonja
 14226 | D:12     | Killed Sonja
 14370 | D:12     | Noticed a two-headed ogre
 14375 | D:12     | Killed a two-headed ogre
 14476 | D:12     | Noticed Erolcha
 14482 | D:12     | Killed Erolcha
 14821 | D:13     | Noticed a two-headed ogre
 14827 | D:13     | Killed a two-headed ogre
 14848 | D:13     | Noticed a centaur warrior
 14862 | D:13     | Killed a centaur warrior
 14863 | D:13     | Reached skill level 10 in Armour
 15140 | D:13     | Reached skill level 14 in Unarmed Combat
 15233 | D:13     | Found a runed translucent door.
 15233 | D:13     | Found a hide-covered altar of Uskayaw.
 15301 | D:13     | Noticed a death knight
 15302 | D:13     | Noticed a vampire knight
 15302 | D:13     | Noticed a vampire knight
 15305 | D:13     | Found a transporter.
 15306 | D:13     | Noticed JJisdabomb's ghost (journeyman VSFi)
 15842 | D:13     | Found a transporter.
 16624 | D:14     | Noticed a tengu warrior
 16643 | D:14     | Gained mutation: You are mostly covered in sharp spines.
                  | [demonic ancestry]
 16643 | D:14     | Reached XP level 13. HP: 107/107 MP: 13/13
 16745 | D:14     | Found a gate to the Vaults.
 17351 | D:14     | Identified the +8 dagger of Jumping Disembowelment {freeze,
                  | rPois rF+}
 17354 | D:14     | Noticed Azrael
 17364 | D:14     | Reached skill level 15 in Unarmed Combat
 17374 | D:14     | Killed Azrael
 18145 | D:15     | Entered Level 15 of the Dungeon
 18206 | D:15     | Noticed Agnes
 18221 | D:14     | Killed Agnes
 19527 | D:15     | Found an iron altar of Okawaru.
 20105 | D:15     | Reached skill level 16 in Unarmed Combat
 20345 | D:15     | Gained mutation: Your touch may irresistibly damage your
                  | foes and sap their willpower. [demonic ancestry]
 20345 | D:15     | Reached XP level 14. HP: 97/116 MP: 14/14
 20419 | D:15     | Found a staircase to the Depths.
 21796 | Lair:1   | Entered Level 1 of the Lair of Beasts
 22493 | Lair:1   | Noticed Amaemon
 22512 | Lair:1   | Killed Amaemon
 23444 | Lair:2   | Identified the +1 sling "Xikukes" {freeze, Dex+2}
 23544 | Lair:2   | Found a staircase to the Swamp.
 24100 | Lair:3   | Identified the +3 quarterstaff of the Apocalypse
                  | {antimagic, rPois rC+ Will+ SInv}
 24431 | Lair:3   | Found a hole to the Spider Nest.
 24447 | Lair:3   | Reached skill level 17 in Unarmed Combat
 24793 | Lair:4   | Noticed Kirke
 24808 | Lair:4   | Killed Kirke
 25697 | Lair:4   | Received a gift from Trog
 26140 | Lair:5   | Entered Level 5 of the Lair of Beasts
 26157 | Lair:5   | Gained mutation: You are completely covered in sharp
                  | spines. [demonic ancestry]
 26157 | Lair:5   | Reached XP level 15. HP: 110/125 MP: 15/15
 26577 | Lair:5   | Found a staircase to the Slime Pits.
 26579 | Lair:5   | Found a viscous altar of Jiyva.
 27232 | Lair:5   | Reached skill level 18 in Unarmed Combat
 27634 | Lair:5   | Received a gift from Trog
 28814 | Orc:1    | Found a transporter.
 28989 | Orc:1    | Found a transporter.
 28995 | Orc:1    | Found a runed translucent door.
 28995 | Orc:1    | Found a bloodstained altar of Trog.
 28995 | Orc:1    | Found the necklace of Bloodlust {*Rage Will++ Int-3 Slay+6}
 29014 | Orc:1    | Annihilated by an ettin

Illustrated notes

Levels and vault maps discovered:
D:1:      dpeg_arrival_arbitrary_a, layout_basic
D:2:      kennysheep_big_flooded_room, layout_basic,
          ebering_ecumenical_altar_webs, minmay_gold_behind_fungi,
          minmay_misc_feat_room, uniq_robin, uniq_sigmund
D:3:      layout_loops_corners, serial_shops, nicolae_shop_waterfront
D:4:      layout_cave_pools, minmay_crystal_room, hangedman_decor_growths,
          uniq_eustachio, uniq_edmund
D:5:      layout_basic, nemelex_diamond_rough_becter, uniq_pikel
D:6:      layout_cave_pools, minmay_temple_entry_statues,
          minmay_fractal_squares_diagonal_5
D:7:      layout_gridville, serial_shops, nicolae_inconvenience_store,
          enter_bailey_4
D:8:      layout_basic, erik_lair_island, uniq_prince_ribbit1
D:9:      layout_layer_cave, nzn_overflow_gifts_of_might_and_magic
D:10:     layout_roguey [special_room_orc], orc_0_dummy, serial_shops, shop,
          shop, shop, uniq_snorg
D:11:     layout_basic
D:12:     layout_roguey, nicolae_wu_jian_wuxing_cycle, uniq_gastronok,
          uniq_erolcha, uniq_sonja, uniq_fannar
D:13:     layout_basic, gammafunk_ghost_mausoleum, nicolae_danse_macabre
D:14:     layout_basic, erik_vaults_1, serial_park_fountain, billiards_dpeg,
          uniq_azrael
D:15:     grunt_enter_depths_magical_seal, layout_grid_maze, okawaru_trees_2,
          chequers_serial_rivers_small_b, uniq_agnes
Lair:1:   layout_chaotic_city, beast_lair_carwin_3, uniq_amaemon
Lair:2:   layout_hall_layers, skrybe_swamp_entry_bodies,
          infiniplex_staircase_pool
Lair:3:   layout_big_grid, nicolae_spider_entry_orb_guardian
Lair:4:   dreamdust_isle_of_ice, layout_concentric_octagons, uniq_kirke
Lair:5:   due_jungle_book, layout_cave_pods, slime_entry_1
Orc:1:    emtedronai_trogs_sanctum, layout_diamond_mine, uniq_maurice

Skill      XL: |  1  2  3  4  5  6  7  8  9 10 11 12 13 14 15 |
---------------+----------------------------------------------+-----
Armour         | 2 3 4 5 6 8 9 10 11 12 13 | 13.3
Unarmed Combat | 3 4 5 6 8 9 11 13 14 16 17 18 | 18.4
Fighting       | 4 5 6 7 9 10 11 12 13 14 | 14.6
Dodging        | |  1.7

Action                   |  1- 3 |  4- 6 |  7- 9 | 10-12 | 13-15 || total
-------------------------+-------+-------+-------+-------+-------++-------
Melee: Unarmed           |    87 |    61 |   249 |   498 |   915 ||  1810
       Touch             |       |    11 |    46 |   108 |   181 ||   346
       Punch             |       |     2 |    14 |    36 |   114 ||   166
Invok: Berserk           |     2 |     1 |     1 |    16 |    17 ||    37
       Trog's Hand       |       |       |       |       |     1 ||     1
       Brothers in Arms  |       |       |       |       |     1 ||     1
Evoke: Wand              |       |       |       |     9 |       ||     9
  Use: Scroll            |       |     1 |    10 |    14 |     5 ||    30
       Potion            |       |       |       |     1 |     4 ||     5
 Stab: Sleeping          |       |     3 |       |       |       ||     3
       Invisible         |       |       |       |     1 |       ||     1
Armor: Animal skin       |    23 |     8 |       |       |       ||    31
       Chain mail        |       |    12 |    80 |     5 |       ||    97
       Plate armour      |       |       |       |   189 |   343 ||   532
Dodge: Dodged            |    52 |    22 |    83 |   110 |   172 ||   439
Block: Other             |       |    11 |   111 |   227 |   303 ||   652
